Cogmind - Beta 12 @@@ ROGUE MODE // 2023.04.08 @ 21:24:59 Player: Exp. Geonium Core Result: Destroyed by EX-DEC with AWS/EX-DEC Performance ------------- Evolutions (0) 0 Regions Visited (3) 600 Robots Destroyed (43) 215 Value Destroyed (728) 728 Prototype IDs (23) 460 Alien Tech Used (0) 0 Bonus (408) 408 TOTAL SCORE: 2411 Bonus ------- High Alert Combat Kills 16 Follower Combat Kills 92 Aligned with FarCom 300 Cogmind --------- Core Integrity 0/250 Matter 43/300 Energy 125/125 System Corruption 12% Temperature Cool (12) Movement Rolling (140) Ox4 Location -10/Exiles Parts ------- > --- POWER (1) -------- Light Ion Engine > --- PROPULSION (2) --- Wheel Wheel > --- UTILITY (2) ------ Huge Storage Unit Light Armor Plating > --- WEAPON (2) ------- Assault Rifle Light Assault Rifle > --- INVENTORY (25) --- Light Treads Light Treads Combat Airjet Improved Heat Sink Machine Analyzer Improved Terrain Scanner Launcher Guidance Computer Launcher Guidance Computer Light Armor Plating Light Cannon Grenade Launcher Mini Grenade Launcher Hammer Signal Generator Peak State ------------ > --- POWER ------------ Light Deuterium Engine > --- PROPULSION ------- Light Treads Wheel > --- UTILITY ---------- Huge Storage Unit Terrain Scanner > --- WEAPON ----------- Light Assault Rifle Grenade Launcher > --- INVENTORY -------- Light Ion Engine Light Treads Light Treads Light Treads Light Treads Aluminum Leg Wheel Compact Wheel Compact Wheel Combat Airjet Improved Terrain Scanner Launcher Guidance Computer Launcher Guidance Computer Light Armor Plating Light Armor Plating Authchip [R/Combat] Authchip [Propulsion] Authchip [Device] Authchip [Weapon] Assault Rifle Light Assault Rifle Light Assault Rifle Light Cannon Mini Grenade Launcher Hammer [Rating: 14] Favorites ----------- Power Light Ion Engine Engine Light Ion Engine Propulsion Wheel Treads Light Treads Leg Aluminum Leg Wheel Wheel Utility Huge Storage Unit Device Terrain Scanner Storage Huge Storage Unit Protection Light Armor Plating Weapon Light Assault Rifle Energy Gun EM Pulse Gun Energy Cannon Beam Cannon Ballistic Gun Light Assault Rifle Ballistic Cannon Light Cannon Launcher Grenade Launcher Impact Weapon Hammer Build | -11 -10 -10 -10 ------- Run | Jun Mat Min Exi Slots Evolved . | . . . . Power . | . . . . Propulsion . | . . . . Utility . | . . . . Weapon . | . . . . Parts Attached 38 | . 6 19 13 Power 4 | . . 3 1 Engine 4 | . . 3 1 Core . | . . . . Reactor . | . . . . Propulsion 12 | . 2 7 3 Treads 4 | . 1 2 1 Leg 1 | . . 1 . Wheel 7 | . 1 4 2 Hover . | . . . . Flight . | . . . . Utility 5 | . 2 2 1 Device 1 | . . 1 . Storage 1 | . 1 . . Processor . | . . . . Hackware . | . . . . Protection 3 | . 1 1 1 Artifact . | . . . . Weapon 17 | . 2 7 8 Energy Gun . | . . . . Energy Cannon 1 | . . 1 . Ballistic Gun 6 | . . 2 4 Ballistic Cannon 2 | . . 1 1 Launcher 5 | . 1 2 2 Special Weapon . | . . . . Impact Weapon 3 | . 1 1 1 Slashing Weapon . | . . . . Piercing Weapon . | . . . . Special Melee Weapon . | . . . . Unidentified Prototypes . | . . . . Corrupted Parts 1 | . . 1 . System Corruption 11 | . . 11 . Parts Lost 12 | . 1 9 2 Power 3 | . . 3 . Propulsion 3 | . . 2 1 Utility 2 | . . 2 . Weapon 4 | . 1 2 1 Highest Loss Streak 8 | . 1 8 1 To Critical Strikes 1 | . . . 1 Average Slot Usage (%) 92 | . 81 96 90 Engine 13 | . 14 12 14 Treads 10 | . 13 15 3 Wheel 16 | . 13 12 24 Device 9 | . . 12 9 Storage 14 | . 14 14 14 Protection 2 | . 3 . 4 Energy Gun 1 | . 8 . . Ballistic Gun 9 | . 3 13 6 Ballistic Cannon 6 | . . 9 2 Launcher 2 | . 2 3 1 Impact Weapon 4 | . 7 1 9 Naked Turns . | . . . . Heaviest Build 92 | 11 88 91 92 Greatest Support 40 | 20 20 40 20 Greatest Overweight (x) 9 | . 8 9 9 Average Overweight (x) 6 | . 7 7 4 Largest Inventory Capacity 25 | . 25 25 25 Average Capacity 24 | . 24 25 25 Most Carried 25 | . 24 25 25 Average Carried 21 | . 15 24 20 Final Capacity 25 | 8 25 25 25 Final Carried 25 | 6 24 25 14 Class Distribution -------------------- 73% | Scavenger-Mutant 26% | Mutant Dominant Class ---------------- Mutant | -10/Materials Scavenger-Mutant | -10/Mines Scavenger-Mutant | -10/Exiles Resources | -11 -10 -10 -10 ----------- Run | Jun Mat Min Exi Matter Collected 1118 | 196 88 617 217 Remotely . | . . . . Salvage Created 979 | . 472 425 82 Parts 58 | . 24 25 9 Haulers Intercepted 2 | . 2 . . Recyclers Shooed 2 | . 1 1 . Parts Field Recycled . | . . . . Retrieved Matter . | . . . . Parts Self-Destructed . | . . . . Prevented . | . . . . Kills | -11 -10 -10 -10 ------- Run | Jun Mat Min Exi Combat Hostiles Destroyed 33 | . 11 22 . Guns 3 | . 1 2 . Cannons 6 | . . 6 . AOE 23 | . 9 14 . Classes Destroyed 12 | . 6 4 2 Worker 3 | . 1 2 . Builder 1 | . . 1 . Tunneler 3 | . 2 1 . Hauler 2 | . 2 . . Recycler 4 | . 2 2 . Mechanic 1 | . . 1 . Turret 1 | . . . 1 Swarmer 14 | . 6 8 . Grunt 9 | . 5 4 . Demolisher 1 | . . 1 . Zionite 5 | . . . 5 Assembled 9 | . . 9 . Best Kill Streak 10 | . 9 10 2 Combat Bots Only 7 | . 7 6 . Max Kills in Single Turn 7 | . 7 4 1 Gunslinging . | . . . . Exploded 5 | . 5 4 . Melee . | . . . . Uniques/NPCs Destroyed 1 | . . . 1 8R-AWN (-10/Exiles) Combat | -11 -10 -10 -10 -------- Run | Jun Mat Min Exi Damage Taken 1535 | . 144 1178 213 Core 258 | . 17 160 81 Absorbed by Shields . | . . . . Core Remaining (%) 100 | 100 . . . Volleys Fired 97 | . 7 47 43 Largest 2 | . 2 2 2 Hottest 80 | . 60 80 55 Shots Fired 142 | . 11 69 62 Gun 76 | . 8 25 43 Cannon 25 | . . 22 3 Launcher 41 | . 3 22 16 Special . | . . . . Kinetic 90 | . 4 40 46 Thermal 7 | . . 7 . Explosive 41 | . 3 22 16 Electromagnetic 4 | . 4 . . Robot Hit Streak 11 | . 2 10 11 Robot Miss Streak 4 | . 2 4 4 Penetration Max . | . . . . Secondary Targets . | . . . . Shots Hit Robots 83 | . 11 45 27 Core Hits 81 | . 15 50 16 Critical Kills . | . . . . Critical Parts Destroyed 1 | . 1 . . Critical Strikes 1 | . 1 . . Smash 1 | . 1 . . Melee Attacks 8 | . 7 1 . Impact 8 | . 7 1 . Slashing . | . . . . Piercing . | . . . . Sneak Attacks 5 | . 4 1 . Combat Hostiles . | . . . . Follow-up Attacks . | . . . . Damage Inflicted 3468 | . 1169 1619 680 Guns 438 | . 38 131 269 Cannons 289 | . . 272 17 Explosions 2431 | . 863 1174 394 Melee 310 | . 268 42 . Ramming . | . . . . Kinetic 611 | . 26 299 286 Thermal 776 | . 672 104 . Explosive 1759 | . 191 1174 394 Electromagnetic 12 | . 12 . . Impact 310 | . 268 42 . Slashing . | . . . . Piercing . | . . . . Highest Corruption 12 | . . 11 12 Average Corruption 11 | . . 11 11 Corruption Purged . | . . . . Corruption Blocked . | . . . . Effects 108 | . . 65 43 Message Errors 22 | . . 14 8 Matter Fused 33 | . . 21 12 Heat Flow Errors 3 | . . 2 1 Energy Discharges 12 | . . 7 5 Parts Rejected 1 | . . . 1 Data Loss (minor) 17 | . . 10 7 Data Loss (major) 11 | . . 5 6 Misfires 3 | . . 3 . Alerts 4 | . . 3 1 Weapon Failures 2 | . . . 2 Overload Shots . | . . . . Overflow Damage 361 | . 337 17 7 Projectiles . | . . . . Explosions 216 | . 194 15 7 Melee 145 | . 143 2 . Knockbacks 3 | . 1 2 . Impact 2 | . 1 1 . Kinetic 1 | . . 1 . Secondary . | . . . . Self-Inflicted Damage 268 | . 6 238 24 Shots 11 | . 1 9 1 Rammed . | . . . . Targets Rammed . | . . . . Kicked . | . . . . Crushed . | . . . . Highest Temperature 250 | . 20 250 89 Average Temperature 37 | . 12 54 9 Received Heat Transfer 196 | . 36 160 . Siege Activations . | . . . . Robots Corrupted . | . . . . Combat Hostiles . | . . . . Parts Fried 5 | . 3 2 . Impact Corruptions 8 | . 7 1 . Robots Melted . | . . . . Combat Hostiles . | . . . . Parts Melted 1 | . 1 . . Heat Transferred 722 | . 500 222 . Parts Sabotaged . | . . . . Parts Stolen . | . . . . Parts Stripped . | . . . . Power Chain Reactions . | . . . . Missiles Intercepted . | . . . . Alert | -11 -10 -10 -10 ------- Run | Jun Mat Min Exi Peak Influence 475 | . 475 336 . Initial 118 | . . 118 . Average 201 | . 293 176 . Maximum Alert Level 2 | . 2 1 . Low Security (%) 58 | . 33 65 . Level 1 29 | . 15 34 . Level 2 11 | . 51 . . Level 3 . | . . . . Level 4 . | . . . . Level 5 . | . . . . High Security . | . . . . Max Security . | . . . . Squads Dispatched 4 | . 3 1 . Investigation 2 | . 2 . . Extermination . | . . . . Reinforcement 1 | . 1 . . Assault 1 | . . 1 . Garrison . | . . . . Intercept . | . . . . Searches Triggered . | . . . . Construction Impeded . | . . . . Haulers Reinforced . | . . . . Active Scanning Responses . | . . . . Cargo Convoy Interrupts . | . . . . Stealth | -11 -10 -10 -10 --------- Run | Jun Mat Min Exi Distress Signals 1 | . . 1 . Communications Jammed . | . . . . Distress Signals . | . . . . Times Spotted 84 | . 18 30 36 Peak Tracking Total 11 | . 5 8 11 Tactical Retreats 8 | . 1 2 5 Traps | -11 -10 -10 -10 ------- Run | Jun Mat Min Exi Traps Triggered 1 | . 1 . . Indirectly . | . . . . Trap Hack Attempts . | . . . . Triggered . | . . . . Disarmed . | . . . . Reprogrammed . | . . . . Reused . | . . . . Traps Extracted . | . . . . Installed . | . . . . Triggered . | . . . . Exploded 3 | . . . 3 Machines | -11 -10 -10 -10 ---------- Run | Jun Mat Min Exi Machines Disabled 12 | . 7 . 5 Max in Single Turn 4 | . 4 . 2 Machines Repaired . | . . . . Machines Sabotaged . | . . . . Overloaded Fab Kills . | . . . . Hacking | -11 -10 -10 -10 --------- Run | Jun Mat Min Exi Machines Accessed 6 | . 4 . 2 Terminals 3 | . 3 . . Fabricators . | . . . . Repair Stations . | . . . . Recycling Units 1 | . 1 . . Scanalyzers . | . . . . Garrison Access . | . . . . Total Hacks 15 | . 13 . 2 Successful 8 | . 6 . 2 Failed 7 | . 7 . . Catastrophic 3 | . 3 . . Database Lockouts . | . . . . Manual 10 | . 9 . 1 Terminals 11 | . 11 . . Fabricators . | . . . . Repair Stations . | . . . . Recycling Units 2 | . 2 . . Scanalyzers . | . . . . Garrison Access . | . . . . Terminal Hacks 5 | . 3 . 2 Record 1 | . . . 1 Robot Analysis 2 | . 2 . . Hauler Manifests 1 | . 1 . . EX-Prototype ID Bank 1 | . . . 1 Fabricator Hacks . | . . . . Repair Station Hacks . | . . . . Recycling Unit Hacks 1 | . 1 . . Report Inventory 1 | . 1 . . Scanalyzer . | . . . . Garrison Access Hacks . | . . . . Unauthorized Hacks 2 | . 2 . . Terminals 1 | . 1 . . Detonate 1 | . 1 . . Fabricators . | . . . . Repair Stations . | . . . . Recycling Units 1 | . 1 . . Tunnel 1 | . 1 . . Scanalyzers . | . . . . Garrison Access . | . . . . Data Cores Recovered . | . . . . Used . | . . . . Hacking Detections 3 | . 3 . . Full Trace Events . | . . . . Feedback Events . | . . . . Feedback Blocked . | . . . . Robot Schematics Acquired . | . . . . Robots Built . | . . . . Authchips . | . . . . Time . | . . . . Total Robot Build Rating . | . . . . Part Schematics Acquired . | . . . . Parts Built . | . . . . Authchips . | . . . . Time . | . . . . Total Part Build Rating . | . . . . Parts Repaired . | . . . . Time . | . . . . Parts Recycled . | . . . . Recycled Matter . | . . . . Retrieved Matter . | . . . . Retrieved Components . | . . . . Parts Scanalyzed . | . . . . Part Schematics Acquired . | . . . . Parts Damaged . | . . . . Bothacking | -11 -10 -10 -10 ------------ Run | Jun Mat Min Exi Used RIF Installer . | . . . . Robots Hacked . | . . . . Non-combat . | . . . . Combat . | . . . . Robot Hacks Applied . | . . . . Relay Couplers Released . | . . . . Fabnet Peak Effective % . | . . . . Robots Rewired . | . . . . Allies Hacked . | . . . . Hacks Repelled . | . . . . Allies | -11 -10 -10 -10 -------- Run | Jun Mat Min Exi Total Allies 1 | . . 1 . Largest Group 1 | . . 1 . Highest-Rated Group 31 | . . 31 . Highest-Rated Ally 31 | . . 31 . Total Orders . | . . . . Ally Attacks 36 | . . 13 23 Total Damage 1342 | . . 234 1108 Kills 8 | . . 4 4 Allies Corrupted . | . . . . Allies Melted . | . . . . Turrets Deployed 3 | . . . 3 Intel | -11 -10 -10 -10 ------- Run | Jun Mat Min Exi Robot Analysis Total 2 | . 2 . . Derelict Logs Recovered 2 | . . 2 . Drone Launches . | . . . . Drone Recoveries . | . . . . Exploration | -11 -10 -10 -10 ------------- Run | Jun Mat Min Exi Turns Passed 3213 | . 457 1650 1106 Spaces Moved 1517 | 1 200 708 608 Core . | . . . . Treads 30 | . . 30 . Legs 14 | 1 13 . . Wheels 1473 | . 187 678 608 Hover . | . . . . Flight . | . . . . Fastest Speed 95 | 120 95 175 140 Average Speed 182 | 120 194 205 152 Slowest Speed 320 | 120 200 320 215 Overloaded Moves . | . . . . Propulsion Burnouts . | . . . . Robots Hopped 2 | . . . 2 Cave-ins Triggered . | . . . . Exploration Rate (%) 53 | 2 41 99 73 Regions Visited 3 Branch Regions 2 Pre-discovered Areas 4 | . 1 2 1 Known Exits Taken . | . . . . Unknown Exits Taken 3 | 1 1 1 . Scrap Searched 1 | . . 1 . Spaces Dug 9 | . 5 4 . Terrain Destroyed 159 | . 48 100 11 Melee 1 | . 1 . . Projectile . | . . . . AOE 158 | . 47 100 11 Terrain Rammed . | . . . . Walls Destroyed . | . . . . Machines Disabled . | . . . . Actions | -11 -10 -10 -10 --------- Run | Jun Mat Min Exi Total 1819 | . 247 844 728 Wait 101 | . 4 52 45 Move 1511 | . 199 707 605 Hop 1 | . . . 1 Pick Up 38 | . 21 11 6 Fast Attach 5 | . 1 3 1 Attach 16 | . 3 9 4 Detach 2 | . . 2 . Swap 17 | . 2 7 8 Drop 23 | . 3 5 15 Fire 97 | . 7 47 43 Melee 8 | . 7 1 . Ram . | . . . . Kick . | . . . . Crush . | . . . . Escape Stasis . | . . . . Rewire . | . . . . Trap . | . . . . Miscellaneous . | . . . . Route ------- -11/Junkyard -10/Materials -10/Mines (discovered 3 exits: [*Mat x2] / *Exi) -10/Exiles History --------- Turn | Location | Event 1 | -11/Junkyard | Discovered new exit (range 0) 1 | -11/Junkyard | Entered Materials 187 | -10/Materials | Destroyed 7 combat bots 316 | -10/Materials | Build established: Mutant 410 | -10/Materials | Discovered new exit (range 14) 458 | -10/Materials | Entered Mines 459 | -10/Mines | Assembled infested the area 517 | -10/Mines | Core integrity fell below 50% 542 | -10/Mines | System corruption reached 10% 564 | -10/Mines | Lost 8 parts (2p2n2u2w) 748 | -10/Mines | Discovered new exit (range 5) 894 | -10/Mines | Met a Derelict testing a Signal Generator 912 | -10/Mines | Found Signal Generator 960 | -10/Mines | Build established: Scavenger-Mutant 1247 | -10/Mines | Learned location of Zion (-7) 1249 | -10/Mines | Discovered new exit (range 15) 2079 | -10/Mines | Discovered new exit (range 13) 2100 | -10/Mines | Deemed a non-threat by the Exiles lab entrance 2108 | -10/Mines | Entered Exiles 2162 | -10/Exiles | Met 8R-AWN 2198 | -10/Exiles | Met EX-HEX 2250 | -10/Exiles | Met EX-BIN 2274 | -10/Exiles | Aligned with FarCom system 2276 | -10/Exiles | Given EX-Vault access code 2322 | -10/Exiles | Opened EX-Vault 2338 | -10/Exiles | Found Deploy-a-Sentry 2340 | -10/Exiles | Found Deploy-a-Sentry 2342 | -10/Exiles | Found Deploy-a-Sentry 2373 | -10/Exiles | Warned to stay clear of 0b10 Research branches 2418 | -10/Exiles | Met EX-DEC 2795 | -10/Exiles | Attacked by the Exiles 2829 | -10/Exiles | DAS Turret deployed 2830 | -10/Exiles | DAS Turret deployed 2837 | -10/Exiles | DAS Turret deployed 2889 | -10/Exiles | Allies destroyed 8R-AWN 3107 | -10/Exiles | Core integrity fell below 20% 3214 | -10/Exiles | Destroyed by EX-DEC with AWS/EX-DEC Last Messages --------------- 03066_ GM-J5T destroyed. 03066_ Machine disabled. 03073_ System corrupted: Substantial component data lost. 03085_ Grenade Launcher destroyed. 03085_ Destroyed Grenade Launcher. 03089_ J5-HVA destroyed. 03092_ Acquired 8 matter. 03099_ ZX-C33 destroyed. 03106_ System corrupted: Component data lost. 03122_ System corrupted: Matter fused (-6). 03140_ A|Z#8YVNEGCSE8M41UVNDM